 Dungeon Crawl Stone Soup version 0.18.1-8-gdd0e5ea (webtiles) character file.

142 Liquid the Skirmisher (level 5, 0/43 HPs)
             Began as a Formicid Abyssal Knight on May 26, 2016.
             Was a Believer of Lugonu.
             Succumbed to a wasp's poison
             ... on level 2 of the Dungeon.
             The game lasted 00:06:22 (1269 turns).

Liquid the Skirmisher (Formicid Abyssal Knight)     Turns: 1269, Time: 00:06:23

Health: 0/43       AC:  7    Str: 16    XL:     5   Next: 49%
Magic:  6/7        EV: 10    Int: 15    God:    Lugonu [**....]
Gold:   84         SH:  0    Dex: 11    Spells: 0 memorised, 4 levels left

rFire  . . .     SeeInvis +     a - +1 mace
rCold  + . .     Gourm    .     j - +0 ring mail
rNeg   . . .     Faith    .     (no shield)
rPois  .         Spirit   .     (helmet unavailable)
rElec  .         Dismiss  .     (no cloak)
rCorr  .         Reflect  .     (no gloves)
SustAt .         Harm     .     (no boots)
MR     .....                    (no amulet)
Stlth  +.........               l - ring of protection from cold
                                o - +3 ring of intelligence

@: lethally poisoned (0 -> -2), not resistant to hostile enchantments, very
unstealthy
A: permanent stasis, dig shafts and tunnels, four strong arms, antennae 3, slimy
green scales 1
a: Dig, Shaft Self, Depart the Abyss, Bend Space, Renounce Religion


You were on level 2 of the Dungeon.
You worshipped Lugonu.
Lugonu was pleased with you.
You were completely stuffed.

You visited 1 branch of the dungeon, and saw 3 of its levels.
You visited the Abyss 1 time.

You collected 84 gold pieces.

Inventory:

Hand Weapons
 a - a +1 mace (weapon)
 q - a +1 vampiric hand axe
Armour
 b - a +0 leather armour
 j - a +0 ring mail (worn)
Jewellery
 f - an uncursed ring of flight
 l - a ring of protection from cold (right hand)
 o - a +3 ring of intelligence (left hand)
Scrolls
 e - a scroll of magic mapping {unknown}
Potions
 k - a potion of flight


   Skills:
 * Level 4.6 Fighting
 * Level 3.9 Maces & Flails
 - Level 2.1 Armour
 - Level 0.8 Dodging
 + Level 3.1 Invocations


You had 4 spell levels left.
You didn't know any spells.

Dungeon Overview and Level Annotations

Branches:
Dungeon (3/15)

Altars:
Fedhas
Gozag
Sif Muna


Innate Abilities, Weirdness & Mutations

You are under a permanent stasis effect.
You can dig through walls and to a lower floor.
Your four strong arms can wield two-handed weapons with a shield.
You have a pair of large antennae on your head (SInv).
You are partially covered in slimy green scales (AC +2).


Message History

* * * LOW HITPOINT WARNING * * *
You feel sick.
Mmm...
Peppers.
Eat which item? (? for menu, Esc to quit)
That beef jerky was delicious!
Eat which item? (? for menu, Esc to quit)
* * * LOW HITPOINT WARNING * * *
You feel sick.
You continue eating. x2
* * * LOW HITPOINT WARNING * * *
You feel sick.
You finish eating.
That bread ration really hit the spot!
There is a stone staircase leading down, spattered with blood here.
* * * LOW HITPOINT WARNING * * *
You feel sick.
There is a stone staircase leading down, spattered with blood here.
Eat which item? (? for menu, Esc to quit)
You continue eating. x2
You finish eating.
That bread ration really hit the spot!
You die...

######### ........#
........#######
....)...#.....# ###
........#.....########.#
........#........##....#
..#####'#........##.##.#
..####..........@>...#.#
..#..................#.#
..#..............#...#.#
..#...#....##....#...#.#
..#...####...........#.#
..#...#.......###.####.#
......#.##..#.#.....##.#
.....#......###.#.###..#
..............#.._..####


There were no monsters in sight!

Vanquished Creatures
  A wasp (D:2)
  An adder (D:2)
  An ooze (D:2)
  A worm (D:2)
  A dart slug (D:1)
  A giant cockroach (D:3)
  5 goblins
  8 hobgoblins
  3 jackals (D:1)
  3 kobolds
  A ball python (D:1)
  4 bats
  A giant newt (D:2)
  2 rats (D:1)
33 creatures vanquished.

Notes
Turn   | Place    | Note
--------------------------------------------------------------
     0 | Abyss:1  | Liquid the Formicid Abyssal Knight began the quest for the Orb.
     0 | Abyss:1  | Reached XP level 1. HP: 18/18 MP: 2/2
    26 | Abyss:1  | Found a corrupted altar of Lugonu.
    28 | D:1      | Escaped the Abyss
    84 | D:1      | Reached XP level 2. HP: 20/24 MP: 3/3
   352 | D:1      | Reached ** piety under Lugonu
   352 | D:1      | Reached XP level 3. HP: 30/30 MP: 4/4
   647 | D:2      | Found an opulent altar of Gozag.
   730 | D:2      | Reached skill level 4 in Fighting
   754 | D:2      | Found a deep blue altar of Sif Muna.
   754 | D:2      | Found a blossoming altar of Fedhas.
   868 | D:2      | Gained mutation: You are partially covered in slimy green scales (AC +2). [potion of beneficial mutation]
   901 | D:2      | Reached XP level 4. HP: 26/37 MP: 5/5
  1215 | D:3      | Noticed a wasp
  1251 | D:2      | Killed a wasp
  1251 | D:2      | Reached XP level 5. HP: 9/43 MP: 5/7
  1259 | D:2      | HP: 2/43 [poisoned by a wasp]
  1265 | D:2      | HP: 1/43 [poisoned by a wasp]
  1269 | D:2      | Succumbed to a wasp's poison

Skill      XL: |  1  2  3  4 |
---------------+-------------+-----
Fighting       | 4 |  4.6
Maces & Flails | 3 |  3.9
Invocations    | 3 |  3.1
Armour         | |  2.1
Dodging        | |  0.8

Action                   |  1- 3 |  4- 6 || total
-------------------------+-------+-------++-------
Melee: Mace              |    78 |    34 ||   112
 Abil: Dig               |     2 |       ||     2
  Use: Scroll            |     7 |       ||     7
       Potion            |     1 |     2 ||     3
  Eat: Chunk             |       |     1 ||     1
       Bread ration      |       |     2 ||     2
       Pizza             |       |     1 ||     1
       Beef jerky        |       |     1 ||     1
Armor: Leather armour    |    12 |       ||    12
       Ring mail         |    23 |     3 ||    26
       Skin              |       |    32 ||    32
Dodge: Dodged            |    47 |    10 ||    57
